 Dungeon Crawl Stone Soup version 0.23.1 (webtiles) character file.

Game seed: 7424017057956369103

35 redwoodhats the Vexing (level 3, -3/20 HPs)
             Began as a Kobold Arcane Marksman on Mar 13, 2019.
             Slain by a bullfrog (5 damage)
             ... on level 2 of the Dungeon.
             The game lasted 00:09:26 (1383 turns).

redwoodhats the Vexing (Kobold Arcane Marksman)     Turns: 1383, Time: 00:09:26

Health: -3/20      AC:  2    Str:  7    XL:     3   Next: 52%
Magic:  1/4        EV: 15    Int: 15    God:
Gold:   14         SH:  0    Dex: 15    Spells: 0/4 levels left

rFire    . . .     SeeInvis .   a - +0 hand crossbow
rCold    . . .     Gourm    .   (shield restricted)
rNeg     . . .     Faith    .   e - +0 robe
rPois    .         Spirit   .   (no helmet)
rElec    .         Reflect  .   (no cloak)
rCorr    .         Harm     .   (no gloves)
MR       .....                  (no boots)
Stlth    ++........             (no amulet)
HPRegen  0.06/turn              (no ring)
MPRegen  0.09/turn              (no ring)

@: very slightly contaminated
A: small, carnivore
a: no special abilities


You were on level 2 of the Dungeon.
You were not hungry.

You visited 1 branch of the dungeon, and saw 2 of its levels.

You collected 14 gold pieces.

Inventory:

Hand Weapons
 a - a +0 hand crossbow (weapon)
 g - a +0 spear
Missiles
 d - 34 bolts (quivered)
Armour
 e - a +0 robe (worn)
Scrolls
 b - a scroll of amnesia
 h - a scroll of identify
 i - a scroll of magic mapping


   Skills:
 + Level 1.1 Fighting
 + Level 3.1 Crossbows
 + Level 2.9 Dodging
 + Level 1.4 Stealth
 + Level 0.4 Unarmed Combat
 + Level 1.1 Spellcasting
 + Level 3.4 Hexes


You couldn't memorise any spells.
You knew the following spells:

 Your Spells              Type           Power        Failure   Level  Hunger
a - Corona                Hex            ##.....      6%          1    ##.....
b - Inner Flame           Hex/Fire       #.......     36%         3    ####...

Your spell library contained the following spells:

 Spells                   Type           Power        Failure   Level  Hunger
 Slow                     Hex            ##......     9%          2    ###....
 Portal Projectile        Hex/Tloc       #.....       36%         3    ####...
 Cause Fear               Hex            ##........   52%         4    #####..
 Leda's Liquefaction      Hex/Erth       #.........   77%         4    #####..


Dungeon Overview and Level Annotations

Branches:
Dungeon (2/15)

Altars:


Innate Abilities, Weirdness & Mutations

You are small and have problems with some larger weapons.
You are carnivorous and can eat meat at any time.


Message History

Press: ? - help, Shift-Dir - straight line, f - bullfrog
Aim: a bullfrog (hasn't noticed you)
You shoot a bolt. The bullfrog gives a loud, deep croak!
The bolt hits the bullfrog.
The bullfrog is lightly wounded.
Firing (i - inventory)
d - 36 bolts (quivered)
Press: ? - help, Shift-Dir - straight line, f/p - bullfrog
Aim: a bullfrog (lightly wounded)
You shoot a bolt. The bolt hits the bullfrog.
The bullfrog is lightly wounded.
The bullfrog barely misses you. The bullfrog hits you.
* * * LOW HITPOINT WARNING * * *
Firing (i - inventory)
d - 35 bolts (quivered)
Press: ? - help, Shift-Dir - straight line, f/p - bullfrog
Aim: a bullfrog (lightly wounded)
You shoot a bolt. The bolt hits the bullfrog!
The bullfrog is severely wounded.
The bullfrog hits you.
You die...

##.###.##
##...## ##.##
#.# #.# #####
#.# #...## #.#
#.... #<#
#..####.# #.#
##@(...(.#
#.####.F#.#$.$#
#...†.....# .
#########(# .#
. ##


You could see a bullfrog.

Vanquished Creatures
  An adder (D:2)
  A dart slug (D:2)
  A leopard gecko (D:1)
  A giant cockroach (D:1)
  4 goblins (D:1)
  2 jackals (D:1)
  3 bats
  A frilled lizard (D:1)
  6 kobolds
  2 rats (D:1)
22 creatures vanquished.

Notes
Turn   | Place    | Note
-------+----------+-------------------------------------------
     0 | D:1      | redwoodhats the Kobold Arcane Marksman began the quest for
                  | the Orb.
     0 | D:1      | Reached XP level 1. HP: 12/12 MP: 2/2
   382 | D:1      | Reached XP level 2. HP: 9/16 MP: 3/3
  1095 | D:1      | Reached XP level 3. HP: 15/20 MP: 1/4
  1272 | D:1      | Learned a level 3 spell: Inner Flame
  1358 | D:2      | Noticed a bullfrog
  1365 | D:2      | Reached skill level 1 in Stealth
  1383 | D:2      | Slain by a bullfrog

Skill      XL: |  1  2  3 |
---------------+----------+-----
Crossbows      | 3 |  3.1
Stealth        | 1 |  1.4
Fighting       | |  1.1
Dodging        | |  2.9
Unarmed Combat | |  0.4
Spellcasting   | |  1.1
Hexes          | |  3.4

Action                   || total
-------------------------++-------
Melee: Spear             ||    17
       Unarmed           ||    13
 Fire: Hand crossbow     ||    41
 Cast: Corona            ||     7
       Inner Flame       ||     1
  Use: Scroll            ||     2
       Potion            ||     2
 Stab: Sleeping          ||     1
  Eat: Ration            ||     1
Armor: Robe              ||    10
Dodge: Dodged            ||    74
